 Dungeon Crawl Stone Soup version 0.29.1-12-g30fa7ad0bf (webtiles) character file.

Game seed: 11058046777234114659

42 112233 the Gusty (level 3, -1/14 HPs)
             Began as a Felid Air Elementalist on Dec 22, 2022.
             Killed by their own static electricity (2 damage)
             ... on level 3 of the Dungeon.
             The game lasted 00:01:39 (3313 turns).

112233 the Gusty (Felid Air Elementalist)           Turns: 3313, Time: 00:01:39

Health: -1/14      AC:  1    Str:  4    XL:     3   Next: 33%
Magic:  1/7        EV: 17    Int: 18    God:
Gold:   187        SH:  0    Dex: 16    Spells: 3/6 levels left
                                        Lives:  0   Deaths: 1

rFire   . . .      SeeInvis +   (weapon unavailable)
rCold   . . .      Faith    .   (shield unavailable)
rNeg    . . .      Spirit   .   (body armour unavailable)
rPois   .          Reflect  .   (helmet unavailable)
rElec   .          Harm     .   (cloak unavailable)
rCorr   .          Rampage  .   (gloves unavailable)
Will    .....                   (boots unavailable)
Stlth   ++........              (no amulet)
HPRegen 0.04/turn               (no ring)
MPRegen 0.10/turn               (no ring)

@: quick
A: very small, claws 1, fangs 3, see invisible, speed 1, shaggy fur 1, stealthy
paws, no weapons or thrown items, no armour, multi-lived
a: no special abilities


You were on level 3 of the Dungeon.
You visited 1 branch of the dungeon, and saw 3 of its levels.

You collected 187 gold pieces.

Inventory:

Jewellery
 e - a ring of ice
Scrolls
 b - 4 scrolls of teleportation {unknown}
 c - a scroll of immolation {unknown}
 g - a scroll of vulnerability {unknown}
 h - a scroll of magic mapping {unknown}
 k - a scroll of identify {unknown}
 l - 2 scrolls of brand weapon {unknown}
 o - a scroll of enchant weapon {unknown}
 q - a scroll of amnesia {unknown}
Potions
 d - a potion of heal wounds {unknown}
 f - a potion of curing {unknown}
 i - a potion of degeneration {unknown}
 j - 2 potions of brilliance {unknown}
 m - 2 potions of attraction {unknown}
 n - a potion of berserk rage {unknown}
 p - a potion of invisibility {unknown}


   Skills:
 - Level 2.9 Dodging
 - Level 3.0 Stealth
 - Level 2.1 Spellcasting
 - Level 1.1 Conjurations
 + Level 4.3 Air Magic


You had 3 spell levels left.
You knew the following spells:

 Your Spells              Type           Power      Damage    Failure   Level
a - Shock                 Conj/Air       44%        1d5       6%          1
b - Static Discharge      Conj/Air       11%        3-5/arc   9%          2

Your spell library contained the following spells:

 Spells                   Type           Power      Damage    Failure   Level
 Swiftness                Air            17%        N/A       9%          3
 Magic Dart               Conj           24%        1d4       11%         1
 Beastly Appendage        Tmut           2%         N/A       19%         1
 Call Imp                 Summ           1%         N/A       26%         2
 Wereblood                Tmut           1%         N/A       26%         2
 Mephitic Cloud           Conj/Pois/Air  8%         N/A       26%         3
 Spider Form              Tmut/Pois      1%         N/A       47%         3
 Airstrike                Air            8%         2d(2-18)  30%         4


Dungeon Overview and Level Annotations

Branches:
Dungeon (3/15)

Altars:
Qazlal
Trog
Wu Jian

Shops:
D:2 !

Annotations:
D:3 1 runed translucent door, DildoBatman's ghost, amateur FoCj; Grinder


Innate Abilities, Weirdness & Mutations

You have sharp claws.
You have razor-sharp teeth.
You have supernaturally acute eyesight. (SInv)
You cover ground quickly. (Speed+)
You are covered in fur. (AC +1)
Your paws help you pounce on unaware monsters.
You are incapable of wielding weapons or throwing items.
You cannot wear armour.
You gain extra lives every three experience levels.


Message History

Unknown command.
Casting: Shock (safe; 6% risk of failure)
Confirm with . or Enter, or press ? or * to list all spells.
The orc is struck by an arc of lightning.
The orc is heavily wounded.
You are struck by an arc of lightning.
The orc is struck by an arc of lightning.
You kill the orc!
You are struck by an arc of lightning.
The lightning grounds out.
The orc priest barely misses you. The orc priest barely misses you.
Unknown command.
Unknown command.
Casting: Static Discharge (safe; 9% risk of failure)
Confirm with . or Enter, or press ? or * to list all spells.
The orc priest is struck by an arc of lightning!
The orc priest is heavily wounded.
You are struck by an arc of lightning.
The orc priest is struck by an arc of lightning.
The orc priest is severely wounded.
The lightning grounds out.
The orc priest hits you with a +0 short sword.
* * * LOW HITPOINT WARNING * * *
The orc priest barely misses you.
Unknown command.
Casting: Static Discharge (safe; 9% risk of failure)
Confirm with . or Enter, or press ? or * to list all spells.
Aiming: Shock (safe; 6% risk of failure)
Press: ? - help, Shift-Dir - straight line, f - orc priest
Aim: an orc priest, wielding a +0 short sword (severely wounded, 68% to hit)
The zap hits the orc priest.
The orc priest is almost dead.
The orc priest barely misses you.
Unknown command.
Casting: Shock (safe; 6% risk of failure)
Confirm with . or Enter, or press ? or * to list all spells.
The orc priest is struck by an arc of lightning.
You kill the orc priest!
You are struck by an arc of lightning.
You die...

.##.#.....#..........# #.#.# #.#
###+##'##+#####.†###..# #.#.###.#
#.....#.....# ##.# ##.###.#.#...#
#.....#.....# ... ..#.##......#.#
'##'##'##+##+ #.. .†..##...>.#...
#..#.....#..# #.##.............#.
#..#'###+#..###.#...#.......####.
#..#.....#..#...))..........####.
+..+.._..'..'...@#.####....###...
#..#.....#..#........!#......#...
#..#+###+#..#$...§§.....#..#.....
#..#.....#..#....~§≈~... ........
'##'##'##'##+...~~§~~..# .####...
#.....#.....##†..§..§.## #...
#.....#.....##..~~....# #...
###+##+##'###.........# #... #
#..#.##.##.###.###### #...


There were no monsters in sight!

Vanquished Creatures
  An orc priest (D:3)
  An adder (D:3)
  4 dart slugs
  2 orcs (D:3)
  4 ball pythons
  5 bats
  7 endoplasms
  2 giant cockroaches (D:1)
  5 goblins
  5 hobgoblins
  A jackal (D:3)
  4 kobolds (D:1)
  4 quokkas
  7 frilled lizards
  10 rats
62 creatures vanquished.

Notes
Turn   | Place    | Note
-------+----------+-------------------------------------------
     0 | D:1      | 112233 the Felid Air Elementalist began the quest for the
                  | Orb.
     0 | D:1      | Reached XP level 1. HP: 7/7 MP: 4/4
    21 | D:1      | Reached skill level 1 in Conjurations
   264 | D:1      | Reached XP level 2. HP: 11/11 MP: 1/6
   386 | D:1      | Reached skill level 3 in Air Magic
  1515 | D:1      | Reached XP level 3. HP: 14/14 MP: 2/7
  1578 | D:1      | Found a faded altar of an unknown god.
  2131 | D:2      | Found Celafrat's Distillery.
  2281 | D:2      | Learned a level 2 spell: Static Discharge
  2843 | D:3      | Found a bloodstained altar of Trog.
  2907 | D:3      | Found an ornate altar of the Wu Jian Council.
  2916 | D:3      | Reached skill level 4 in Air Magic
  2998 | D:3      | Found a runed translucent door.
  2998 | D:3      | Noticed DildoBatman's ghost (amateur FoCj)
  3158 | D:3      | Reached XP level 4. HP: 11/18 MP: 2/8
  3168 | D:3      | Noticed Grinder
  3186 | D:3      | Killed from afar by an orc priest
  3187 | D:3      | Reached XP level 3. HP: -8/14 MP: 4/7
  3236 | D:3      | Found a stormy altar of Qazlal.
  3313 | D:3      | Killed from afar by themself

Illustrated notes

Levels and vault maps discovered:
D:1:      lemuel_arrival_broad_hall, layout_basic,
          hellmonk_ecumenical_altar_defaced_shrine, minivault_25, st_stairs_13,
          dk_noncrumbling_2, minmay_misc_feat_tiny, moated_statue,
          minmay_misc_feat_square, grunt_decor_one_mirror, minmay_hedge_maze,
          chequers_serial_rivers_micro_a
D:2:      layout_rooms, serial_shops, shop
D:3:      layout_rooms, nicolae_qazlal_scattered_showers,
          mainiacjoe_overflow_concentric_impassable,
          mainiacjoe_overflow_24_doors, hellmonk_ghost_happy_afterlife,
          minmay_starry_boxes, uniq_sigmund, uniq_grinder,
          uniq_crazy_yiuf_cottage

Skill      XL: |  1  2  3 |
---------------+----------+-----
Conjurations   | 1 |  1.1
Stealth        | 3 |  3.0
Air Magic      | 3 4 |  4.3
Dodging        | |  2.9
Spellcasting   | |  2.1

Action                   |  1- 3 |  4- 6 || total
-------------------------+-------+-------++-------
Melee: Unarmed           |    18 |     3 ||    21
       Bite              |     3 |       ||     3
 Cast: Shock             |   133 |     1 ||   134
       Static Discharge  |     3 |       ||     3
  Use: Potion            |     1 |       ||     1
 Stab: Sleeping          |     1 |       ||     1
Armor: Skin              |     2 |       ||     2
Dodge: Dodged            |    48 |     3 ||    51
